 Dungeon Crawl Stone Soup version 0.26.1-11-gd32895ea62 (webtiles) character file.

Game seed: 4708048474864527059

690343 Tirrikindir the Victor of a Thousand Battles (level 27, -3/226 HPs)
             Began as a Demonspawn Fighter on June 14, 2021.
             Was the Champion of Okawaru.
             Slain by a stone giant zombie (23 damage)
             ... led by a necromancer
             ... in the Vestibule of Hell.
             The game lasted 04:01:50 (72289 turns).

Tirrikindir (DsFi)                                 Turns: 72289, Time: 04:01:51

Health: -3/226     AC: 18    Str: 31    XL:     27
Magic:  28/39      EV: 25    Int: 20    God:    Okawaru [******]
Gold:   3934       SH: 27    Dex: 17    Spells: 37/50 levels left

rFire    + + +     SeeInvis +     - Unarmed
rCold    + . .     Faith    .   I - +5 kite shield
rNeg     + . .     Spirit   .   v - +3 plate armour of the Bull {rF++ Str+3 Int+4}
rPois    +         Reflect  +   (helmet unavailable)
rElec    .         Harm     .   e - +1 cloak of Starlight {*Dazzle EV+4 Stlth--}
rCorr    .         Rampage  .   (gloves unavailable)
Will     ++++.                  (boots unavailable)
Stlth    ..........             c - amulet of the Thieving Coward {Reflect Fragile rF++ rN+ SH+5 Stlth+}
HPRegen  0.47/turn              K - ring "Oxkuosoo" {rPois rF++ Str+6 Slay+2 SInv}
MPRegen  0.26/turn              V - ring of the Mage {Wiz Will++ Int+3}

@: about to teleport, heroism, no potions, corroded
A: claws 3, horns 3, talons 3, cold resistance 1, icemail, spiny 3, wild magic
1, augmentation 3, freezing cloud immunity, MP-powered wands
}: 3/15 runes: serpentine, barnacled, silver
a: Renounce Religion, Heroism, Finesse


You were in the Vestibule of Hell.
You worshipped Okawaru.
Okawaru was exalted by your worship.
You visited 11 branches of the dungeon, and saw 48 of its levels.
You visited the Abyss 1 time.
You visited 2 bazaars.
You also visited: Bailey, Gauntlet, Ice Cave, Volcano and Wizlab.

You collected 7681 gold pieces.
You spent 3747 gold pieces at shops.

Inventory:

Hand Weapons
 u - a +1 long sword of flaming
Missiles
 h - 88 boomerangs (quivered)
Armour
 e - the +1 cloak of Starlight (worn) {*Dazzle EV+4 Stlth--}
   (You bought it in a shop in a bazaar)

   It affects your evasion (+4).
   It makes you much less stealthy.
 v - the +3 plate armour of the Bull (worn) {rF++ Str+3 Int+4}
   (Okawaru gifted it to you on level 1 of the Depths)

   It affects your strength (+3).
   It affects your intelligence (+4).
   It greatly protects you from fire.
 I - a +5 kite shield (worn)
Jewellery
 c - the amulet of the Thieving Coward (around neck) {Reflect Fragile rF++ rN+ SH+5 Stlth+}
   (You found it in a Gauntlet)

   [amulet of reflection]

   It shields you and reflects attacks.
   It greatly protects you from fire.
   It protects you from negative energy.
   It will be destroyed if unequipped.
   It affects your SH (+5).
   It makes you more stealthy.
 y - an uncursed ring of flight
 K - the ring "Oxkuosoo" (left claw) {rPois rF++ Str+6 Slay+2 SInv}
   (You bought it in a shop on level 15 of the Dungeon)

   [ring of strength]

   It affects your strength (+6).
   It affects your accuracy and damage with ranged weapons and melee attacks
   (+2).
   It greatly protects you from fire.
   It protects you from poison.
   It lets you see invisible.
 V - the ring of the Mage (right claw) {Wiz Will++ Int+3}
   (You found it on level 3 of the Depths)

   [ring of wizardry]

   It improves your spell success rate.
   It affects your intelligence (+3).
   It affects your willpower, your defense against some magical effects.
Wands
 a - a wand of iceblast (53)
 j - a wand of paralysis (41)
 q - a wand of acid (4)
 s - a wand of disintegration (55)
 C - a wand of enslavement (5)
 L - a wand of flame (56)
 T - a wand of digging (13)
Scrolls
 g - 19 scrolls of teleportation
 k - 14 scrolls of fear
 r - 32 scrolls of remove curse
 z - 8 scrolls of blinking
 D - 7 scrolls of immolation
 H - 14 scrolls of fog
 M - a scroll of summoning
 P - 4 scrolls of magic mapping
 R - 11 scrolls of identify
Potions
 d - 11 potions of might
 l - 13 potions of curing
 m - 14 potions of haste
 n - 5 potions of heal wounds
 o - 8 potions of berserk rage
 t - a potion of cancellation
 w - 6 potions of flight
 A - 3 potions of magic
 E - 8 potions of invisibility
 J - 2 potions of resistance
 N - 7 potions of mutation
 O - 6 potions of brilliance
 Y - a potion of ambrosia
Miscellaneous
 b - a phantom mirror
 p - a condenser vane (inert)
 F - a tin of tremorstones (2/2)


   Skills:
 * Level 20.7(25.7) Fighting
 - Level 1.7(6.7) Long Blades
 - Level 5.0(10.0) Throwing
 - Level 18.0(23.0) Armour
 + Level 14.0(19.0) Dodging
 - Level 15.0(20.0) Shields
 * Level 21.3(26.3) Unarmed Combat
 - Level 12.0 Spellcasting
 - Level 5.0 Hexes
 * Level 15.6 Ice Magic
 + Level 21.9 Invocations
 - Level 8.0 Evocations


You had 37 spell levels left.
You knew the following spells:

 Your Spells              Type           Power        Failure   Level
a - Ensorcelled Hibernat  Hex/Ice        100%         1%          2
b - Metabolic Englaciati  Hex/Ice        31%          4%          5
c - Ozocubu's Refrigerat  Ice            38%          3%          6

Your spell library contained the following spells:

 Spells                   Type           Power        Failure   Level
 Corona                   Hex            46%          1%          1
 Freeze                   Ice            100%         1%          1
 Frozen Ramparts          Ice            100%         1%          3
 Ozocubu's Armour         Ice            77%          1%          3
 Slow                     Hex            42%          2%          2
 Confusing Touch          Hex            42%          4%          3
 Tukima's Dance           Hex            42%          4%          3
 Hailstorm                Conj/Ice       54%          4%          4
 Ice Form                 Ice/Tmut       54%          4%          4
 Summon Ice Beast         Ice/Summ       54%          4%          4
 Animate Skeleton         Necr           30%          11%         1
 Apportation              Tloc           30%          11%         1
 Beastly Appendage        Tmut           30%          11%         1
 Magic Dart               Conj           60%          11%         1
 Pain                     Necr           60%          11%         1
 Sandblast                Erth           30%          11%         1
 Shock                    Conj/Air       60%          11%         1
 Summon Small Mammal      Summ           60%          11%         1
 Dazzling Flash           Conj/Hex       56%          12%         3
 Inner Flame              Hex/Fire       28%          12%         3
 Portal Projectile        Hex/Tloc       56%          12%         3
 Cause Fear               Hex            21%          12%         4
 Blink                    Tloc           N/A          16%         2
 Call Imp                 Summ           15%          16%         2
 Corpse Rot               Necr/Air       N/A          16%         2
 Passwall                 Tmut/Erth      12%          16%         2
 Searing Ray              Conj           30%          16%         2
 Sublimation of Blood     Necr           7%           16%         2
 Swiftness                Air            15%          16%         2
 Conjure Flame            Conj/Fire      15%          28%         3
 Ignite Poison            Fire/Tmut/Pois 15%          28%         3
 Mephitic Cloud           Conj/Pois/Air  15%          28%         3
 Static Discharge         Conj/Air       15%          28%         3
 Stone Arrow              Conj/Erth      30%          28%         3
 Vampiric Draining        Necr           7%           28%         3
 Fulminant Prism          Conj/Hex       14%          32%         4
 Leda's Liquefaction      Hex/Erth       14%          32%         4
 Simulacrum               Ice/Necr       27%          47%         6
 Airstrike                Air            7%           63%         4
 Animate Dead             Necr           7%           63%         4
 Iskenderun's Mystic Bla  Conj/Tloc      15%          63%         4
 Petrify                  Tmut/Erth      15%          63%         4
 Summon Lightning Spire   Summ/Air       15%          63%         4
 Silence                  Hex/Air        14%          63%         5
 Freezing Cloud           Conj/Ice/Air   21%          82%         6
 Agony                    Necr           15%          90%         5
 Alistair's Intoxication  Tmut/Pois      10%          90%         5
 Blade Hands              Tmut           7%           90%         5
 Bolt of Magma            Conj/Fire/Erth 7%           90%         5
 Borgnjor's Vile Clutch   Necr/Erth      7%           90%         5
 Irradiate                Conj/Tmut      7%           90%         5
 Iskenderun's Battlesphe  Conj           15%          90%         5
 Lee's Rapid Deconstruct  Erth           7%           90%         5
 Lightning Bolt           Conj/Air       7%           90%         5
 Summon Forest            Summ/Tloc      7%           90%         5
 Conjure Ball Lightning   Conj/Air       7%           100%        6
 Death Channel            Necr           7%           100%        6
 Eringya's Noxious Bog    Tmut/Pois      7%           100%        6
 Hydra Form               Tmut           7%           100%        6
 Iron Shot                Conj/Erth      7%           100%        6
 Shadow Creatures         Summ           N/A          100%        6
 Starburst                Conj/Fire      7%           100%        6
 Statue Form              Tmut/Erth      10%          100%        6
 Dragon Form              Tmut           7%           100%        7
 Malign Gateway           Summ/Tloc      7%           100%        7
 Monstrous Menagerie      Summ           7%           100%        7
 Orb of Destruction       Conj           7%           100%        7
 Spellforged Servitor     Conj/Summ      7%           100%        7
 Summon Greater Demon     Summ           7%           100%        7
 Summon Hydra             Summ           7%           100%        7
 Ignition                 Fire           7%           100%        8
 Lehudib's Crystal Spear  Conj/Erth      7%           100%        8
 Summon Horrible Things   Summ           7%           100%        8
 Shatter                  Erth           7%           100%        9
 Tornado                  Air            7%           100%        9


Dungeon Overview and Level Annotations

Branches:
Dungeon (15/15)            Temple (1/1) D:4            Lair (6/6) D:11
 Shoals (4/4) Lair:4        Snake (4/4) Lair:2        Slime (0/5) Lair:6
    Orc (2/2) D:12            Elf (2/3) Orc:2        Vaults (5/5) D:13
  Crypt (3/3) Vaults:2       Tomb (0/3) Crypt:3      Depths (5/5) D:15
   Hell (1/1)                 Zot (0/5) Depths:5     Bailey (visited)
  IceCv (visited)         Volcano (visited)          WizLab (visited)
Gauntlet (visited)
    Dis: Hell:1         Geh: Hell:1         Coc: Hell:1         Tar: Hell:1

Altars:
Ashenzari
Cheibriados
Dithmenos
Elyvilon
Fedhas
Gozag
Hepliaklqana
Kikubaaqudgha
Makhleb
Nemelex Xobeh
Okawaru
Qazlal
Ru
Sif Muna
Trog
Uskayaw
Vehumet
Wu Jian
Xom
Yredelemnul
Zin
The Shining One
Beogh

Shops:
D:5 (   D:8 =   D:12 (   D:15 =   Orc:2 :*[(}   Snake:1 [   Vaults:2 }
Vaults:3 (!   Vaults:5 }*!}   Depths:1 *   Depths:5 (

Portals:
Hell: Lair:6 Depths:1 Depths:2 Depths:3 Depths:4 Depths:5
Abyss: Shoals:1 Depths:4 Depths:5
Pandemonium: Depths:3 Depths:4
Ziggurat: Depths:5


Innate Abilities, Weirdness & Mutations

You have claws for hands.
You have a pair of large horns on your head.
You have claws for feet.
Your flesh is cold resistant. (rC+)
A meltable icy envelope protects you from harm. (AC +0)
You are completely covered in sharp spines.
Your magical and physical power is greatly enhanced at high health.
You are immune to freezing clouds.
Your spells are a little harder to cast, but a little more powerful.
You expend magic power (3 MP) to strengthen your wands.


Message History

You block the anaconda zombie's attack. You block the ice devil's attack.
The iron golem misses you. You block the war gargoyle's attack.
You block the ice devil's attack.
The stone giant zombie is struck by your spines.
The stone giant zombie barely misses you.
The soul eater hits you but does no damage.
You eviscerate the ice devil!!!
You kill the ice devil!
Okawaru accepts your kill. You block the anaconda zombie's attack.
The reaper barely misses you.
Unknown command.
You eviscerate the soul eater!!!
You kill the soul eater!
Okawaru accepts your kill. You block the war gargoyle's attack.
The anaconda zombie bites you.
* * * LOW HITPOINT WARNING * * *
You block the ice devil's attack. The iron golem closely misses you.
The stone giant zombie is struck by your spines.
The stone giant zombie hits you!!
You die...

.................
.................
..................
..................
..................
.............∩....
.......○○°2§∩.....
.......○§8°§§∩.)..
......§°@ZZ§°.....
......§Z49§§☼.....
......§§Z§§○......
......○§§☼.○......
.......§°§§§§.§...
.......☼§§°..○§○..
...........§§§○§.
..............§.
................


You could see an iron golem, a reaper, a war gargoyle, an ice devil, an anaconda
zombie, 2 stone giant zombies and a golden dragon skeleton.

Vanquished Creatures
  Khufu (Crypt:3)
  Mara (Crypt:1)
  2 juggernauts
  4 ancient liches
  2 royal mummies (Crypt:3)
  Frederick (Vaults:4)
  Bai Suzhen (Depths:1)
  4 caustic shrikes
  Geryon (Hell)
  2 bone dragons
  3 golden dragons
  Jorgrun (D:13)
  A Hell Sentinel (Shoals:1)
  A moon troll (WizLab)
  7 tentacled monstrosities
  A shard shrike skeleton (Crypt:2)
  Rupert (D:13)
  9 liches
  A deep elf blademaster (Elf:2)
  3 titans (Vaults:5)
  2 krakens
  2 ancient champions
  2 quicksilver dragons
  Polyphemus (Shoals:2)
  10 tentacled starspawn
  5 sphinxes
  Roxanne (Shoals:1)
  4 storm dragons
  Gastronok (Lair:3)
  5 shadow dragons
  Donald (Snake:2)
  16 fire giants
  10 tengu reavers
  9 nagarajas
  3 revenants
  The ghost of Doucw the Bludgeoner, an adept GrFi of the Shining One (Shoals:1)
  2 daevas (Depths:5)
  Aizul (Shoals:1)
  Ilsuiw (Shoals:2)
  A balrug (Depths:3)
  12 frost giants
  4 deep elf sorcerers
  3 cacodemons
  20 vault wardens
  A draconian scorcher (Depths:5)
  Louise (Depths:5)
  2 angels (Depths:5)
  The ghost of bigdumb the Devastator, a journeyman DsCj of Sif Muna (Elf:1)
  2 curse skulls
  13 ironheart preservers
  3 orc warlords
  3 ghouls (Crypt:2)
  5 war gargoyles
  36 very ugly things
  41 stone giants
  Nessos (D:15)
  A black draconian (Depths:5)
  A green draconian (Depths:5)
  9 vampire knights
  2 purple draconians (Depths:5)
  3 deep elf demonologists
  2 yellow draconians (Depths:5)
  2 entropy weavers (Vaults:4)
  2 minotaurs
  3 white draconians (Depths:5)
  A spark wasp (shapeshifter) (Vaults:4)
  8 deep elf annihilators
  A green death (Depths:4)
  14 spark wasps
  7 jiangshi
  5 deep elf death magi
  15 ettins
  3 crystal guardians
  8 merfolk impalers
  5 eidola
  26 yaktaur captains
  20 fire dragons
  6 merfolk javelineers
  5 rakshasas
  5 deep elf high priests
  17 great orbs of eyes
  The ghost of opiate666 the Cleaver, a journeyman HOFi of Okawaru (Elf:1)
  11 hydras
  5 boulder beetles
  31 vault guards
  20 naga warriors
  A catoblepas (Shoals:2)
  Harold (D:9)
  11 ice dragons
  5 death knights
  A monstrous demonspawn (Depths:3)
  18 ogre magi
  9 centaur warriors
  7 merfolk avatars
  An alligator snapping turtle (Shoals:3)
  12 anacondas
  2 merfolk aquamancers (Shoals:4)
  3 satyrs
  4 death yaks
  A two-headed ogre (shapeshifter) (Depths:3)
  26 dancing weapons
  5 tengu warriors
  52 two-headed ogres
  Urug (Orc:2)
  2 titan zombies
  11 deep troll shamans
  6 deep troll earth magi
  4 hell hogs (Hell)
  A storm dragon zombie (Crypt:3)
  8 vampire magi
  10 spriggan berserkers
  16 naga sharpshooters
  10 hell knights
  A sun demon (Depths:3)
  3 thrashing horrors
  12 shock serpents
  4 soul eaters
  34 skeletal warriors
  2 titan skeletons (Crypt:3)
  An iron golem (Hell)
  2 wretched stars
  3 iron trolls
  20 deep elf knights
  A sixfirhy (Lair:6)
  8 shadow wraiths
  2 fire crabs (shapeshifter)
  13 deep trolls
  2 salamander mystics
  16 sea snakes
  6 flayed ghosts
  15 glowing orange brains
  An anaconda zombie (Crypt:3)
  A bunyip zombie (Crypt:1)
  A sea snake (shapeshifter) (D:13)
  An orange crystal statue (WizLab)
  20 deep elf archers
  A torturous demonspawn (Depths:4)
  2 unseen horrors (D:14)
  Pikel (D:7)
  11 naga ritualists
  15 ironbrand convokers
  12 orc knights
  A wolf spider zombie (Crypt:2)
  A kraken simulacrum (Shoals:4)
  A sphinx zombie (Vaults:5)
  4 oklob plants (Lair:3)
  A harpy (shapeshifter) (Depths:3)
  2 shadow dragon skeletons
  14 wizards
  5 wolf spiders
  11 fauns
  7 phantasmal warriors
  35 harpies
  2 fire giant zombies
  10 necromancers
  3 orc sorcerers
  76 deep elf magi
  16 mana vipers
  13 salamanders
  35 ugly things
  A worldbinder (Shoals:1)
  3 frost giant zombies
  4 tengu skeletons
  12 manticores
  A sphinx skeleton (Crypt:2)
  2 manticores (shapeshifter)
  6 cyclopes
  8 starcursed masses (WizLab)
  46 black mambas
  Joseph (D:7)
  An iron dragon skeleton (Hell)
  7 fire giant skeletons (Crypt:3)
  10 elephants
  An elephant (shapeshifter) (Elf:1)
  16 vault sentinels
  6 merfolk sirens
  7 eyes of devastation
  A goliath frog skeleton (Crypt:2)
  9 water nymphs
  16 naga magi
  2 guardian serpents
  3 torpor snails
  4 ice statues
  An orange demon (Lair:6)
  4 smoke demons
  5 toenail golems (Volcano)
  8 rust devils (Hell)
  A titan simulacrum (Crypt:2)
  12 cane toads
  A cane toad (shapeshifter) (Depths:1)
  3 centaur skeletons (D:14)
  5 stone giant skeletons
  A yaktaur zombie (Vaults:5)
  A dire elephant skeleton (Crypt:3)
  6 gargoyles
  A pale draconian zombie (Crypt:1)
  2 emperor scorpion zombies
  A storm dragon simulacrum (Crypt:2)
  56 yaktaurs
  A golden dragon simulacrum (Crypt:2)
  6 komodo dragons
  A sea snake zombie (Crypt:2)
  3 kobold demonologists
  A green draconian zombie (Crypt:2)
  An anaconda simulacrum (Crypt:2)
  Maggie (D:6)
  2 ghost moth simulacra (Crypt:2)
  9 rime drakes
  20 freezing wraiths
  3 demonic crawlers (D:15)
  19 ice devils
  An ancient zyme (Abyss:2)
  A black draconian skeleton (Crypt:2)
  A yaktaur (shapeshifter) (Depths:2)
  A yellow draconian skeleton (Crypt:2)
  6 red devils
  4 tengu conjurers
  A troll (shapeshifter) (Vaults:1)
  26 merfolk
  A hellwing (Depths:4)
  3 meliai (D:15)
  2 queen bees (shapeshifter) (Vaults:2)
  A hydra zombie (Abyss:2)
  A jumping spider (Vaults:4)
  12 trolls
  2 polar bears
  12 wind drakes
  10 raiju
  2 spectral guardian serpents (Crypt:1)
  12 dream sheep
  A dream sheep (shapeshifter) (Depths:4)
  8 hornets
  A stone giant simulacrum (Crypt:2)
  A death drake skeleton (Crypt:2)
  5 fire giant simulacra
  10 blink frogs
  An iron dragon simulacrum (Crypt:2)
  A frost giant simulacrum (Crypt:2)
  2 ettin zombies
  30 slime creatures
  9 snapping turtles
  A blink frog (shapeshifter) (Depths:4)
  Sigmund (D:4)
  5 redbacks (Vaults:4)
  4 spriggans (Depths:3)
  A tarantella (shapeshifter) (Abyss:2)
  An ettin skeleton (Depths:2)
  9 fire dragon skeletons (Crypt:3)
  A redback (shapeshifter) (Vaults:1)
  5 vampires
  46 yaks
  2 dire elephant simulacra (Crypt:2)
  An ice dragon skeleton (Crypt:3)
  9 wyverns
  A wind drake zombie (Crypt:1)
  20 water elementals
  5 shadows
  16 humans (D:13)
  4 fire bats (Depths:1)
  14 wraiths
  A ynoxinul (Abyss:2)
  5 large abominations (Abyss:2)
  A human (shapeshifter) (Elf:1)
  Eustachio (D:6)
  4 chaos spawn (Abyss:2)
  2 neqoxecs
  12 vampire mosquitoes
  3 fire elementals
  5 golden eyes (WizLab)
  5 basilisks
  A black mamba skeleton (Crypt:3)
  Menkaure (D:7)
  8 wargs
  63 nagas
  31 water moccasins
  A glowing shapeshifter zombie (Crypt:1)
  2 soldier ants (D:13)
  6 small abominations (Abyss:2)
  2 floating eyes (Gauntlet)
  4 hell hounds (Lair:6)
  A deep troll skeleton (Vaults:4)
  50 orc warriors
  A cane toad skeleton (Crypt:3)
  3 sky beasts
  3 phantoms
  A manticore zombie (Crypt:2)
  36 ogres
  A human zombie (Vaults:4)
  2 ice beasts (D:12)
  An elf simulacrum (Vaults:5)
  5 black bears
  A hornet zombie (D:15)
  2 necrophages
  A swamp dragon zombie (Crypt:3)
  A tengu (shapeshifter) (Elf:1)
  An alligator simulacrum (Crypt:2)
  An eye of draining (shapeshifter) (Depths:3)
  An ice dragon simulacrum (Crypt:2)
  2 boggarts (Depths:2)
  An eye of draining (Abyss:2)
  22 wolves
  22 centaurs
  A swamp dragon skeleton (Crypt:3)
  An octopode zombie (Crypt:1)
  13 bullfrogs
  An elf zombie (Crypt:3)
  6 big kobolds
  A big kobold (shapeshifter) (D:14)
  Blork the orc (D:6)
  A cane toad simulacrum (Crypt:2)
  A wyvern zombie (D:12)
  A glowing shapeshifter simulacrum (Vaults:5)
  A scorpion (shapeshifter) (Vaults:5)
  6 scorpions
  2 snapping turtle simulacra (Crypt:2)
  3 wights (D:15)
  18 killer bees
  3 howler monkeys
  2 crimson imps
  3 centaur zombies
  2 quasits
  2 bullfrog zombies
  3 hounds
  3 bullfrog skeletons
  5 jellies
  24 orc priests
  3 human skeletons
  2 iron imps (Depths:4)
  A basilisk zombie (Crypt:1)
  Jessica (D:2)
  7 iguanas
  A demonspawn skeleton (Crypt:2)
  4 hell rats (Lair:6)
  33 orc wizards
  7 worker ants
  A centaur simulacrum (Crypt:2)
  2 hound zombies
  A mummy (Crypt:3)
  2 howler monkey zombies
  7 gnolls
  A howler monkey skeleton (D:4)
  15 adders
  3 shadow imps
  8 white imps
  13 ufetubi
  3 oozes
  2 adder zombies
  A lava snake zombie (Crypt:1)
  2 adder skeletons
  4 worms
  The ghost of Vuthetz the Sneak, a weakling FoDe (D:13)
  5 dart slugs
  8 leopard geckos
  148 orcs
  5 ball pythons
  10 giant cockroaches
  12 goblins
  4 hobgoblins
  4 jackals (D:3)
  6 bats
  5 frilled lizards
  14 kobolds
  2 quokka skeletons
  2 rats
  2 crawling corpses (Vaults:5)
  A lurking horror (Shoals:1)
  5 starspawn tentacles (WizLab)
  8 tentacles
2631 creatures vanquished.

Vanquished Creatures (others)
  2 vampire knights
  A merfolk javelineer (Shoals:4)
  A blizzard demon (IceCv)
  A tengu conjurer (D:14)
  An ogre (Vaults:3)
  3 white imps (IceCv)
  2 ufetubi (IceCv)
  A crawling corpse (Vaults:5)
  2 demonic plants (WizLab)
  63 fungi
  181 plants
  15 starspawn tentacles
  19 tentacles
  8 withered plants (Crypt:3)
300 creatures vanquished.

Grand Total: 2931 creatures vanquished

Notes
Turn   | Place    | Note
-------+----------+-------------------------------------------
     0 | D:1      | Tirrikindir the Demonspawn Fighter began the quest for the
                  | Orb.
     0 | D:1      | Reached XP level 1. HP: 18/18 MP: 1/1
   141 | D:1      | Gained mutation: You have a pair of small horns on your
                  | head. [demonic ancestry]
   141 | D:1      | Reached XP level 2. HP: 23/24 MP: 2/2
   716 | D:2      | Found an iron altar of Okawaru.
   716 | D:2      | Found a sparkling altar of Nemelex Xobeh.
   716 | D:2      | Found a glowing golden altar of the Shining One.
   716 | D:2      | Found a stormy altar of Qazlal.
   716 | D:2      | Found a snail-covered altar of Cheibriados.
   716 | D:2      | Found a glowing silver altar of Zin.
   724 | D:2      | Noticed Jessica
   736 | D:2      | Gained mutation: You have sharp toenails. [demonic
                  | ancestry]
   736 | D:2      | Reached XP level 3. HP: 29/29 MP: 3/3
   737 | D:2      | Killed Jessica
   738 | D:2      | Reached skill level 1 in Dodging
   748 | D:2      | Became a worshipper of Warmaster Okawaru
  1004 | D:2      | Gained mutation: You have razor-sharp toenails. [demonic
                  | ancestry]
  1004 | D:2      | Reached XP level 4. HP: 37/37 MP: 4/4
  1270 | D:2      | Reached skill level 1 in Invocations
  1306 | D:2      | Found a broken altar of Ashenzari.
  1306 | D:2      | Found a shimmering altar of Xom.
  1654 | D:3      | Found a transporter.
  1656 | D:3      | Noticed a black bear
  1661 | D:3      | Found a transporter.
  1734 | D:3      | Noticed an orc warrior
  1759 | D:3      | Found a burning altar of Makhleb.
  1762 | D:3      | Found a shadowy altar of Dithmenos.
  2065 | D:3      | Reached XP level 5. HP: 36/42 MP: 6/6
  2722 | D:4      | Noticed Sigmund
  2743 | D:4      | Killed Sigmund
  2743 | D:4      | Reached * piety under Okawaru
  2744 | D:4      | Gained mutation: You have sharp fingernails. [demonic
                  | ancestry]
  2744 | D:4      | Reached XP level 6. HP: 32/50 MP: 6/8
  3315 | D:4      | Found a staircase to the Ecumenical Temple.
  3321 | Temple   | Entered the Ecumenical Temple
  3505 | D:4      | Found a hazy altar of Hepliaklqana.
  3814 | D:5      | Entered Level 5 of the Dungeon
  3814 | D:5      | Noticed a wyvern
  3832 | D:5      | Killed a wyvern
  3832 | D:5      | Reached ** piety under Okawaru
  3833 | D:5      | Reached skill level 5 in Fighting
  3833 | D:5      | Reached skill level 1 in Unarmed Combat
  3833 | D:5      | Reached XP level 7. HP: 48/56 MP: 6/10
  3901 | D:5      | Found Gyejasul's Antique Weapon Boutique.
  4005 | D:5      | Reached skill level 5 in Invocations
  4179 | D:5      | Found a snail-covered altar of Cheibriados.
  4605 | D:5      | Found a radiant altar of Vehumet.
  4605 | D:5      | Found an ornate altar of the Wu Jian Council.
  4727 | D:6      | Gained mutation: You have claws for feet. [demonic
                  | ancestry]
  4727 | D:6      | Reached XP level 8. HP: 38/62 MP: 11/11
  4858 | D:6      | Noticed Eustachio
  4885 | D:6      | Killed Eustachio
  4886 | D:6      | Reached skill level 5 in Unarmed Combat
  5133 | D:6      | Noticed Maggie
  5158 | D:6      | HP: 3/62 [Maggie/bolt of fire (27)]
  5161 | D:6      | Killed Maggie
  5161 | D:6      | Reached *** piety under Okawaru
  5604 | D:6      | Noticed Blork the orc
  5615 | D:6      | Killed Blork the orc
  6159 | D:7      | Reached XP level 9. HP: 38/68 MP: 9/12
  6340 | D:7      | Noticed Menkaure
  6348 | D:7      | Killed Menkaure
  6380 | D:7      | Reached **** piety under Okawaru
  6547 | D:7      | Reached skill level 1 in Evocations
  6552 | D:7      | Noticed Pikel
  6555 | D:7      | Paralysed by Pikel for 6 turns
  6558 | D:7      | Noticed Joseph
  6563 | D:7      | Killed Pikel
  6569 | D:7      | Killed Joseph
  6579 | D:7      | Reached skill level 5 in Armour
  6579 | D:7      | Reached skill level 5 in Shields
  7079 | D:7      | Gained mutation: You have very sharp fingernails. [potion
                  | of mutation]
  7079 | D:7      | Gained mutation: You possess an exceptional clarity of
                  | mind. [potion of mutation]
  7404 | D:8      | Found Yhamyesh's Jewellery Emporium.
  7542 | D:8      | Gained mutation: Your flesh is cold resistant. (rC+)
                  | [demonic ancestry]
  7542 | D:8      | Reached XP level 10. HP: 75/75 MP: 14/14
  8109 | D:9      | Reached ***** piety under Okawaru
  8111 | D:9      | Noticed Harold
  8122 | D:9      | Killed Harold
  8123 | D:9      | Reached skill level 5 in Dodging
  8428 | D:9      | Found an iron altar of Okawaru.
  8668 | D:10     | Entered Level 10 of the Dungeon
  8961 | D:10     | Received a gift from Okawaru
  9283 | D:10     | Reached skill level 1 in Throwing
  9288 | D:10     | Gained mutation: You have a pair of horns on your head.
                  | [demonic ancestry]
  9288 | D:10     | Reached XP level 11. HP: 73/81 MP: 12/16
  9746 | D:8      | Bought a +4 ring of evasion for 468 gold pieces
  9966 | D:11     | Found a staircase to the Lair.
  9968 | D:11     | Noticed a two-headed ogre
  9973 | D:11     | Killed a two-headed ogre
 10043 | D:11     | Found a flagged portal.
 10076 | Bailey   | Entered a bailey
 11188 | D:11     | Received a gift from Okawaru
 11663 | D:12     | Noticed a skeletal warrior
 11663 | D:12     | Noticed a skeletal warrior
 11673 | D:12     | Noticed a skeletal warrior
 11673 | D:12     | Noticed a skeletal warrior
 11684 | D:12     | Killed a skeletal warrior
 11684 | D:12     | HP: 3/83 [skeletal warrior/+0 mace (10)]
 11697 | D:11     | Killed a skeletal warrior
 11934 | D:12     | Found Gimai's Antique Weapon Emporium.
 12200 | D:12     | Noticed a deep elf mage
 12213 | D:12     | Killed a deep elf mage
 12214 | D:12     | Killed a skeletal warrior
 12215 | D:12     | Gained mutation: You have a pair of large horns on your
                  | head. [demonic ancestry]
 12215 | D:12     | Reached XP level 12. HP: 69/91 MP: 13/18
 12346 | D:12     | Found a staircase to the Orcish Mines.
 12635 | D:12     | Reached ****** piety under Okawaru
 12789 | D:12     | Reached skill level 5 in Evocations
 13030 | Lair:1   | Entered Level 1 of the Lair of Beasts
 13138 | Lair:1   | Received a gift from Okawaru
 13284 | Lair:1   | You fall into a shaft and drop 1 floor!
 13315 | Lair:1   | Found a gate leading to a gauntlet.
 13322 | Gauntlet | Entered a Gauntlet
 13322 | Gauntlet | Found a large runed translucent door.
 13322 | Gauntlet | Found a large runed translucent door.
 13322 | Gauntlet | Found a large runed translucent door.
 13322 | Gauntlet | Found a large runed translucent door.
 13322 | Gauntlet | Found a large runed translucent door.
 13322 | Gauntlet | Found a large runed translucent door.
 13322 | Gauntlet | Found a large runed translucent door.
 13322 | Gauntlet | Found a large runed translucent door.
 13322 | Gauntlet | Found a runed translucent door.
 13322 | Gauntlet | Found a runed translucent gate.
 13322 | Gauntlet | Found a transporter.
 13322 | Gauntlet | Found a transporter.
 13322 | Gauntlet | Found a runed translucent gate.
 13322 | Gauntlet | Found a transporter.
 13323 | Gauntlet | Found a runed translucent door.
 13323 | Gauntlet | Found a runed translucent gate.
 13325 | Gauntlet | Found a large runed translucent door.
 13325 | Gauntlet | Found a large runed translucent door.
 13325 | Gauntlet | Found a large runed translucent door.
 13325 | Gauntlet | Found a large runed translucent door.
 13326 | Gauntlet | Found a large runed translucent door.
 13326 | Gauntlet | Found a large runed translucent door.
 13327 | Gauntlet | Found a large runed translucent door.
 13327 | Gauntlet | Found a large runed translucent door.
 13342 | Gauntlet | Found a transporter.
 13350 | Gauntlet | Noticed a four-headed hydra
 13360 | Gauntlet | Found a transporter.
 13362 | Gauntlet | Found a transporter.
 13362 | Gauntlet | Noticed a four-headed hydra
 13374 | Gauntlet | Found a transporter.
 13409 | Gauntlet | Found a transporter.
 13409 | Gauntlet | Found a transporter.
 13424 | Gauntlet | Found a transporter.
 13428 | Gauntlet | Found a transporter.
 13494 | Gauntlet | Found a transporter.
 13571 | Gauntlet | Paralysed by a floating eye for 3 turns
 13579 | Gauntlet | Paralysed by a floating eye for 3 turns
 13591 | Gauntlet | Got a fine bronze amulet
 13604 | Gauntlet | Identified the amulet of the Thieving Coward {Reflect
                  | Fragile rF++ rN+ SH+5 Stlth+} (You found it in a Gauntlet)
 13713 | Gauntlet | Killed a one-headed hydra
 13812 | Gauntlet | Killed a one-headed hydra
 14005 | Gauntlet | Identified the +1 ring mail of Privacy {rElec rN+ Dex-2
                  | SInv}
 14005 | Gauntlet | Noticed a minotaur
 14018 | Gauntlet | Killed a minotaur
 14141 | Lair:1   | Noticed a seven-headed hydra
 14151 | Lair:1   | Killed a three-headed hydra
 14362 | Lair:1   | Reached skill level 10 in Unarmed Combat
 14702 | Lair:1   | Reached XP level 13. HP: 90/98 MP: 20/20
 15293 | Lair:2   | Received a gift from Okawaru
 15459 | Lair:2   | Found a staircase to the Snake Pit.
 15546 | Lair:2   | Reached skill level 10 in Invocations
 16500 | Lair:3   | Noticed Gastronok
 16522 | Lair:3   | Killed Gastronok
 16522 | Lair:3   | Received a gift from Okawaru
 16559 | Lair:3   | Reached skill level 10 in Armour
 16591 | Lair:3   | Reached skill level 10 in Shields
 17809 | Lair:4   | Found a staircase to the Shoals.
 18310 | Lair:4   | You fall into a shaft and drop 1 floor!
 18741 | Lair:5   | Gained mutation: You are partially covered in sharp spines.
                  | [demonic ancestry]
 18741 | Lair:5   | Reached XP level 14. HP: 87/108 MP: 22/22
 18978 | Lair:5   | Received a gift from Okawaru
 19085 | Lair:5   | Found an ornate altar of the Wu Jian Council.
 20502 | D:13     | Found a gate to the Vaults.
 20502 | D:13     | Noticed Rupert
 20588 | D:13     | Noticed Vuthetz's ghost (weakling FoDe)
 20618 | D:13     | Found a runed translucent gate.
 20618 | D:13     | Found a runed translucent gate.
 20673 | D:13     | Found a runed translucent gate.
 20705 | D:13     | Received a gift from Okawaru
 20707 | D:13     | Killed Vuthetz's ghost
 20718 | D:13     | Noticed Jorgrun
 20756 | D:13     | Killed Jorgrun
 20763 | D:13     | Received a gift from Okawaru
 21275 | D:13     | Killed Rupert
 21809 | D:14     | Received a gift from Okawaru
 22673 | D:15     | Entered Level 15 of the Dungeon
 22915 | D:15     | Reached XP level 15. HP: 60/115 MP: 21/23
 23424 | D:15     | Reached skill level 10 in Fighting
 23430 | D:15     | Found a staircase to the Depths.
 23688 | D:15     | Found Vinoycar's Jewellery Shop.
 24238 | D:15     | Noticed Nessos
 24245 | D:15     | Killed Nessos
 24670 | Lair:6   | Entered Level 6 of the Lair of Beasts
 24688 | Lair:6   | Received a gift from Okawaru
 24759 | Lair:6   | Found a staircase to the Slime Pits.
 25344 | Lair:6   | Found a burning altar of Makhleb.
 25408 | Lair:6   | Found a gateway to Hell.
 25415 | Lair:6   | Identified Xemippao's Grimoire of the Earthen Compass
 26338 | Orc:1    | Entered Level 1 of the Orcish Mines
 26338 | Orc:1    | Noticed an orc warlord
 26352 | Orc:1    | Killed an orc warlord
 26396 | Orc:1    | Paralysed by an orc sorcerer for 7 turns
 26422 | Orc:2    | Entered Level 2 of the Orcish Mines
 26591 | Orc:1    | Found a dark tunnel.
 26596 | Volcano  | Entered a volcano
 26895 | Orc:2    | Found a staircase to the Elven Halls.
 27020 | D:15     | Bought the ring "Oxkuosoo" {rPois rF++ Str+6 Slay+2 SInv}
                  | for 1796 gold pieces
 27358 | Orc:2    | Found a roughly hewn altar of Beogh.
 27422 | Orc:2    | Noticed an orc warlord
 27440 | Orc:2    | Killed an orc warlord
 27504 | Orc:2    | Found Facoit's Antique Armour Shop.
 27505 | Orc:2    | Found a roughly hewn altar of Beogh.
 27509 | Orc:2    | Found Tovin's Antique Weapon Boutique.
 27715 | Orc:2    | Found a roughly hewn altar of Beogh.
 27721 | Orc:2    | Received a gift from Okawaru
 27728 | Orc:2    | Found Bic Toiv's Gadget Emporium.
 27843 | Orc:2    | Noticed Urug
 27851 | Orc:2    | Killed Urug
 27853 | Orc:2    | Found a roughly hewn altar of Beogh.
 27860 | Orc:2    | Gained mutation: You are mostly covered in sharp spines.
                  | [demonic ancestry]
 27860 | Orc:2    | Reached XP level 16. HP: 122/126 MP: 25/25
 27958 | Orc:2    | Found Moovoun's Assorted Antiques.
 27965 | Orc:2    | Found a roughly hewn altar of Beogh.
 27986 | Orc:2    | Bought a murky puce potion for 17 gold pieces
 28012 | Orc:2    | Found a roughly hewn altar of Beogh.
 28591 | Orc:2    | Found a roughly hewn altar of Beogh.
 28592 | Orc:2    | Found Cyrghoyqu's Book Shop.
 28792 | Snake:1  | Entered Level 1 of the Snake Pit
 28796 | Snake:1  | Received a gift from Okawaru
 28865 | Snake:1  | Found Wutyesas's Armour Emporium.
 29663 | Snake:2  | Reached skill level 15 in Unarmed Combat
 30065 | Snake:2  | Noticed Donald
 30086 | Snake:2  | Found a transporter.
 30607 | Snake:2  | Killed Donald
 30623 | Snake:2  | Received a gift from Okawaru
 31039 | Snake:2  | Found a transporter.
 31326 | Snake:3  | Received a gift from Okawaru
 32175 | Snake:3  | Mutation became permanent: You have sharp fingernails.
                  | [demonic ancestry]
 32175 | Snake:3  | Gained mutation: You have very sharp fingernails. [demonic
                  | ancestry]
 32175 | Snake:3  | Reached XP level 17. HP: 127/135 MP: 26/26
 34077 | Shoals:1 | Entered Level 1 of the Shoals
 34135 | Shoals:1 | Noticed Aizul
 34152 | Shoals:1 | Killed Aizul
 34152 | Shoals:1 | Received a gift from Okawaru
 34302 | Shoals:1 | Noticed a kraken
 34335 | Shoals:1 | Killed a kraken
 34673 | Shoals:1 | Found a transporter.
 34675 | Shoals:1 | Noticed a Hell Sentinel
 34675 | Shoals:1 | Identified the +3 trident of the People {distort, Int+4
                  | Dex+3}
 34693 | Shoals:1 | Noticed Doucw's ghost (adept GrFi)
 34707 | Shoals:1 | Found a transporter.
 34708 | Shoals:1 | Found a one-way gate to the infinite horrors of the Abyss.
 34777 | Shoals:1 | Noticed Roxanne
 34793 | Shoals:1 | Killed Roxanne
 35457 | Shoals:1 | Identified the cursed +0 ring mail of the Komodo Dragon
                  | {Int+4}
 35599 | Shoals:2 | Noticed Ilsuiw
 35618 | Shoals:2 | Killed Ilsuiw
 35636 | Shoals:2 | Found a frozen archway.
 35647 | Shoals:2 | Noticed Polyphemus
 35657 | Shoals:2 | Killed Polyphemus
 35739 | IceCv    | Entered an ice cave
 36798 | Shoals:2 | Reached skill level 5 in Throwing
 37348 | Shoals:2 | Gained mutation: You are immune to freezing clouds.
                  | [demonic ancestry]
 37348 | Shoals:2 | Reached XP level 18. HP: 144/144 MP: 27/27
 37565 | Shoals:3 | Received a gift from Okawaru
 39040 | Shoals:3 | Identified a scroll of acquirement
 39041 | Shoals:3 | Acquired a manual of Invocations
 39189 | Snake:4  | Entered Level 4 of the Snake Pit
 39362 | Snake:4  | Gained mutation: Your magical and physical power is
                  | slightly enhanced at high health. [demonic ancestry]
 39362 | Snake:4  | Reached XP level 19. HP: 149/151 MP: 29/29
 40021 | Snake:4  | Learned a level 2 spell: Ensorcelled Hibernation
 40342 | Snake:4  | Reached skill level 1 in Spellcasting
 40350 | Snake:4  | Reached skill level 1 in Ice Magic
 40389 | Snake:4  | Received a gift from Okawaru
 41259 | Snake:4  | Got a serpentine rune of Zot
 41448 | Snake:2  | Received a gift from Okawaru
 41466 | Snake:2  | HP: 4/228 [naga warrior/+1 trident of venom (15)]
 41472 | Snake:2  | HP: 3/152 [poisoned by a naga warrior]
 41479 | Snake:2  | HP: 4/152 [poisoned by a naga warrior]
 41918 | Snake:2  | Identified the +7 broad axe of Bevic {antimagic, *Slow
                  | rElec rPois Str+5} (You found it on level 2 of the Snake
                  | Pit)
 42081 | Shoals:4 | Entered Level 4 of the Shoals
 42249 | Shoals:4 | Identified Sif Muna's Tome of Changing
 43098 | Shoals:4 | Received a gift from Okawaru
 43750 | Shoals:4 | Got a barnacled rune of Zot
 44478 | Vaults:1 | Entered Level 1 of the Vaults
 44517 | Vaults:1 | Gained mutation: You have claws for hands. [demonic
                  | ancestry]
 44517 | Vaults:1 | Reached XP level 20. HP: 160/160 MP: 31/31
 44825 | Vaults:1 | Reached skill level 15 in Invocations
 44859 | Vaults:1 | Received a gift from Okawaru
 44884 | Vaults:1 | Found a flickering gateway to a bazaar.
 44891 | Bazaar   | Entered a bazaar
 44910 | Bazaar   | Found Comusing's Armour Emporium.
 44910 | Bazaar   | Found Beroll's Book Shoppe.
 44938 | Bazaar   | Found Rigem's Book Emporium.
 44938 | Bazaar   | Found Fiomump's Magic Scroll Shoppe.
 44959 | Bazaar   | Found Caqiskan's Weapon Emporium.
 44959 | Bazaar   | Found Zuod's Antique Weapon Shoppe.
 45056 | Bazaar   | Bought the +1 cloak of Starlight {*Dazzle EV+4 Stlth--} for
                  | 457 gold pieces
 45056 | Bazaar   | Found the +1 cloak of Starlight {*Dazzle EV+4 Stlth--}
 45615 | Vaults:1 | Reached skill level 5 in Ice Magic
 45823 | Vaults:2 | Received a gift from Okawaru
 45889 | Vaults:2 | Reached skill level 5 in Spellcasting
 46048 | Vaults:2 | Reached skill level 15 in Fighting
 46065 | Vaults:2 | Received a gift from Okawaru
 46470 | Vaults:2 | Received a gift from Okawaru
 46479 | Vaults:2 | Found a staircase to the Crypt.
 46617 | Vaults:2 | Found Ilegh's Gadget Boutique.
 46949 | Vaults:2 | Received a gift from Okawaru
 47534 | Vaults:3 | Reached XP level 21. HP: 38/168 MP: 30/32
 47727 | Vaults:3 | Reached skill level 10 in Dodging
 47730 | Vaults:3 | Found Divagh's Antique Weapon Boutique.
 47790 | Vaults:3 | Received a gift from Okawaru
 47806 | Vaults:3 | Found Qorige's Distillery.
 47871 | Vaults:3 | Found a flickering gateway to a bazaar.
 47882 | Bazaar   | Entered a bazaar
 48075 | Bazaar   | Found Bino Zeakk's Antique Weapon Emporium.
 48086 | Bazaar   | Found Daoriogo's Antique Weapon Shoppe.
 48101 | Bazaar   | Found Juihik's Antique Armour Shoppe.
 48112 | Bazaar   | Found Feriolul's Antique Armour Emporium.
 48135 | Bazaar   | Bought a spiked plate armour for 560 gold pieces
 48136 | Bazaar   | Identified the +7 plate armour of Exoyb {Int+6} (You bought
                  | it in a shop in a bazaar)
 48143 | Bazaar   | Learned a level 5 spell: Metabolic Englaciation
 48797 | Vaults:3 | Received a gift from Okawaru
 50485 | Vaults:4 | Received a gift from Okawaru
 50531 | Vaults:4 | Noticed Frederick
 50544 | Vaults:4 | Killed Frederick
 51202 | Vaults:4 | Gained mutation: Your magical and physical power is
                  | enhanced at high health. [demonic ancestry]
 51202 | Vaults:4 | Reached XP level 22. HP: 174/178 MP: 34/34
 51217 | Vaults:4 | Received a gift from Okawaru
 51230 | Vaults:4 | Identified the +0 scale mail "Mus Rasu" {+Inv Slay+3}
                  | (Okawaru gifted it to you on level 4 of the Vaults)
 51707 | Shoals:1 | Gained mutation: You occasionally shout uncontrollably at
                  | your foes. [a cacodemon]
 51711 | Shoals:1 | Gained mutation: Your body sometimes deteriorates upon
                  | taking damage. [a cacodemon]
 51713 | Shoals:1 | Lost mutation: You occasionally shout uncontrollably at
                  | your foes. [a cacodemon]
 51727 | Shoals:1 | Killed Doucw's ghost
 51864 | Lair:2   | Lost mutation: You possess an exceptional clarity of mind.
                  | [potion of mutation]
 51864 | Lair:2   | Lost mutation: Your body sometimes deteriorates upon taking
                  | damage. [potion of mutation]
 51864 | Lair:2   | Gained mutation: You expend magic power (3 MP) to
                  | strengthen your wands. [potion of mutation]
 51864 | Lair:2   | Gained mutation: Your spells are a little harder to cast,
                  | but a little more powerful. [potion of mutation]
 52032 | Elf:1    | Entered Level 1 of the Elven Halls
 52276 | Elf:1    | Found a runed translucent gate.
 52276 | Elf:1    | Found a runed translucent gate.
 52276 | Elf:1    | Found a runed translucent gate.
 52276 | Elf:1    | Noticed opiate666's ghost (journeyman HOFi)
 52277 | Elf:1    | Noticed bigdumb's ghost (journeyman DsCj)
 52289 | Elf:1    | Killed opiate666's ghost
 52299 | Elf:1    | Killed bigdumb's ghost
 52699 | Elf:1    | Reached skill level 1 in Hexes
 53037 | Elf:1    | Cast into level 2 of the Abyss (a deep elf sorcerer)
 53074 | Abyss:2  | Found a corrupted altar of Lugonu.
 53174 | Abyss:2  | Found an opulent altar of Gozag.
 53389 | Abyss:2  | Received a gift from Okawaru
 53437 | Elf:1    | Escaped the Abyss
 53452 | Elf:1    | Identified the Reference Book on Supportive Combat Magic
 54233 | Elf:2    | Found a runed translucent gate.
 54233 | Elf:2    | Found a runed translucent gate.
 54234 | Elf:2    | Found a runed translucent gate.
 54876 | Lair:2   | Learned a level 6 spell: Ozocubu's Refrigeration
 55019 | Depths:1 | Entered Level 1 of the Depths
 55071 | Depths:1 | Paralysed by a great orb of eyes for 3 turns
 55447 | Depths:1 | Gained mutation: A meltable icy envelope protects you from
                  | harm. (AC +0) [demonic ancestry]
 55447 | Depths:1 | Reached XP level 23. HP: 180/186 MP: 36/36
 55479 | Depths:1 | Received a gift from Okawaru
 55533 | Depths:1 | Received a gift from Okawaru
 55536 | Depths:1 | Noticed Bai Suzhen
 55966 | Depths:1 | Found Udemoisk's Serpentskin Sales.
 55973 | Depths:1 | Noticed a caustic shrike
 55977 | Depths:1 | Noticed a caustic shrike
 55985 | Depths:1 | Killed a caustic shrike
 55985 | Depths:1 | Noticed a caustic shrike
 55987 | Depths:1 | Killed a caustic shrike
 55994 | Depths:1 | Killed a caustic shrike
 56379 | Depths:1 | Got a faintly glowing plate armour {god gift}
 56380 | Depths:1 | Identified the +3 plate armour of the Bull {rF++ Str+3
                  | Int+4} (Okawaru gifted it to you on level 1 of the Depths)
 56395 | Depths:1 | Reached skill level 10 in Ice Magic
 56477 | Depths:1 | Reached skill level 15 in Armour
 56599 | Depths:1 | Killed Bai Suzhen
 57130 | Depths:2 | Found a magical portal.
 57135 | WizLab   | Entered Lehudib's Moon Base
 57285 | WizLab   | Paralysed by a great orb of eyes for 2 turns
 57649 | WizLab   | Reached skill level 10 in Spellcasting
 57698 | WizLab   | Received a gift from Okawaru
 57746 | WizLab   | Got a flickering tin ring
 57747 | WizLab   | Identified the ring "Fadang" {AC+4 Str+5} (You found it in
                  | a wizard's laboratory)
 57799 | WizLab   | Found a transporter.
 58133 | WizLab   | Found a transporter.
 58263 | WizLab   | Received a gift from Okawaru
 58310 | WizLab   | Identified Lehudib's Disquisition on the Rocks
 58349 | WizLab   | Got a sparkling wooden ring
 58351 | WizLab   | Got a steaming brass ring
 58352 | WizLab   | Identified the ring of Balance {rElec rF+ Int-4 Stlth+}
                  | (You found it in a wizard's laboratory)
 58353 | WizLab   | Identified the ring of Wishful Thinking {rPois rF+ rC+++
                  | Will- Stlth-} (You found it in a wizard's laboratory)
 58360 | WizLab   | Reached skill level 5 in Hexes
 58360 | WizLab   | Gained mutation: You are completely covered in sharp
                  | spines. [demonic ancestry]
 58360 | WizLab   | Reached XP level 24. HP: 195/195 MP: 37/37
 58494 | Depths:2 | Gained mutation: Your magical and physical power is greatly
                  | enhanced at high health. [demonic ancestry]
 58494 | Depths:2 | Reached XP level 25. HP: 201/201 MP: 33/37
 58551 | Depths:2 | Noticed a juggernaut
 58558 | Depths:2 | Killed a juggernaut
 59300 | Depths:2 | Identified the +6 plate armour of the Pit {rF+ Will+
                  | Stlth+}
 59849 | Depths:2 | Received a gift from Okawaru
 60414 | Depths:3 | Got a wavering brass ring
 60415 | Depths:3 | Identified the ring "Ufipp" {rCorr Str+10 Int-2} (You found
                  | it on level 3 of the Depths)
 60502 | Depths:3 | Found the ring of the Mage {Wiz Will++ Int+3}
 61088 | Depths:3 | Noticed a juggernaut
 61097 | Depths:3 | Killed a juggernaut
 61406 | Depths:3 | Found a broken altar of Ashenzari.
 61746 | Depths:3 | Found a one-way gate leading to the halls of Pandemonium.
 61755 | Depths:3 | Reached XP level 26. HP: 169/211 MP: 34/38
 61968 | Depths:4 | Received a gift from Okawaru
 62112 | Depths:4 | Reached skill level 15 in Shields
 62607 | Depths:4 | Received a gift from Okawaru
 63984 | Depths:4 | Identified the ring "Ceepuig" {Ice rN++ Str-2 Dex+4 Stlth+}
 64053 | Depths:5 | Entered Level 5 of the Depths
 64181 | Depths:5 | Found a gateway to a ziggurat.
 64345 | Depths:5 | Noticed Louise
 64356 | Depths:5 | Killed Louise
 64500 | Depths:5 | Found Qovy's Antique Weapon Emporium.
 64926 | Depths:5 | Found a gate to the Realm of Zot.
 65601 | Crypt:1  | Entered Level 1 of the Crypt
 65831 | Crypt:1  | Noticed Mara
 65840 | Crypt:1  | Killed Mara
 65840 | Crypt:1  | Received a gift from Okawaru
 65843 | Crypt:1  | Identified the +2 scale mail of Niplemelu {rElec rPois
                  | rCorr Str-3} (Okawaru gifted it to you on level 1 of the
                  | Crypt)
 66655 | Crypt:2  | Reached XP level 27. HP: 209/221 MP: 27/39
 67359 | Crypt:3  | Entered Level 3 of the Crypt
 67747 | Crypt:3  | Received a gift from Okawaru
 68354 | Crypt:3  | Noticed a royal mummy
 68356 | Crypt:3  | Noticed Khufu
 68357 | Crypt:3  | Noticed a royal mummy
 68466 | Crypt:3  | Killed a royal mummy
 68470 | Crypt:3  | Killed Khufu
 68475 | Crypt:3  | Killed a royal mummy
 68479 | Crypt:3  | Got a serpentine glass ring
 68479 | Crypt:3  | Got a faintly glowing lead ring
 68479 | Crypt:3  | Got a slimy golden ring
 68480 | Crypt:3  | Identified the ring of Nobility {+Blink rF++ rN+ Will-
                  | Dex-5} (You found it on level 3 of the Crypt)
 68481 | Crypt:3  | Identified the ring "Teaz Esir" {+Blink rN+ Will+ Str+4
                  | SInv} (You found it on level 3 of the Crypt)
 68482 | Crypt:3  | Identified the ring of Ryinom {*Corrode rN+ Dex+4 SInv
                  | Stlth+} (You found it on level 3 of the Crypt)
 68615 | Crypt:3  | Found a staircase to the Tomb.
 68615 | Crypt:3  | Noticed an ancient lich
 68619 | Crypt:3  | Killed an ancient lich
 69132 | Crypt:3  | Found an ancient bone altar of Kikubaaqudgha.
 69140 | Crypt:3  | Received a gift from Okawaru
 69175 | Crypt:3  | Noticed an ancient lich
 69183 | Crypt:3  | Killed an ancient lich
 69629 | Vaults:5 | Entered Level 5 of the Vaults
 69632 | Vaults:5 | Received a gift from Okawaru
 69915 | Vaults:5 | Identified the cursed +1 hunting sling of the Howling
                  | Oracle {freeze, Str+2}
 69970 | Vaults:5 | Noticed an ancient lich
 69977 | Vaults:5 | Killed an ancient lich
 69977 | Vaults:5 | Received a gift from Okawaru
 70119 | Vaults:5 | Identified the +10 plate armour of Qazlal's Delight {Str+2
                  | Dex+3}
 70269 | Vaults:5 | Noticed an ancient lich
 70275 | Vaults:5 | Killed an ancient lich
 70501 | Vaults:5 | Identified the +1 trident of Dust {freeze, rElec MP+9 SInv}
 70690 | Vaults:5 | Received a gift from Okawaru
 70693 | Vaults:5 | Identified the +8 spear of the King {venom, *Corrode rPois
                  | rF+ Str+4} (Okawaru gifted it to you on level 5 of the
                  | Vaults)
 70833 | Vaults:5 | Reached skill level 15 in Ice Magic
 71044 | Vaults:5 | Got a silver rune of Zot
 71260 | Vaults:5 | Identified the ring "Eckiowi" {Ice Dex+2}
 71467 | Vaults:5 | Found Maceheri's Gadget Shop.
 71468 | Vaults:5 | Found Yjakeyxa's General Store.
 71479 | Vaults:5 | Found Tenum's Distillery.
 71485 | Vaults:5 | Received a gift from Okawaru
 71497 | Vaults:5 | Identified the +5 cloak of Xejazuol {+Fly rCorr} (Okawaru
                  | gifted it to you on level 5 of the Vaults)
 71524 | Vaults:5 | Bought a potion of ambrosia for 88 gold pieces
 71770 | Vaults:5 | Found Acouvoxi's Gadget Boutique.
 71993 | Orc:2    | Bought a transparent emerald amulet for 95 gold pieces
 71993 | Orc:2    | Bought a scroll of fog for 38 gold pieces
 71993 | Orc:2    | Bought a potion of haste for 190 gold pieces
 71993 | Orc:2    | Bought a scroll of fog for 38 gold pieces
 71993 | Orc:2    | Identified the amulet of Gisseops {Spirit Dex+3} (You
                  | bought it in a shop on level 2 of the Orcish Mines)
 72224 | Hell     | Entered the Vestibule of Hell
 72224 | Hell     | Noticed Geryon
 72265 | Hell     | Killed Geryon
 72289 | Hell     | Slain by a stone giant zombie

Illustrated notes

Levels and vault maps discovered:
D:1:      onia_arrival_handbag, layout_basic
D:2:      layout_loops_ring, grunt_temple_overflow_open,
          gammafunk_temple_overflow_pools, uniq_jessica
D:3:      layout_loops_corners, gammafunk_temple_overflow_arena
D:4:      layout_basic, marbit_many_paths, minmay_temple_entry_enclosed_plants,
          uniq_sigmund
D:5:      layout_loops_ring, gammafunk_temple_overflow_wave, serial_shops, shop,
          chequers_hall_statues_wall_a, kennysheep_slug_shrine
D:6:      layout_basic, kennysheep_generic_room_11, uniq_maggie, uniq_eustachio,
          uniq_blork_the_orc
D:7:      layout_loops_ring, uniq_joseph, uniq_menkaure, uniq_pikel
D:8:      layout_basic, serial_shops, shop
D:9:      layout_rooms, kennysheep_okawaru_gauntlet, uniq_harold
D:10:     layout_gridville, lemuel_flamethrower_2
D:11:     layout_roguey, lair_entry_dummy, enter_bailey_3
D:12:     layout_basic, orc_0_dummy, serial_shops, shop, solitary_fountain
D:13:     layout_irregular_city, david_vaults_3, maelrawn_ghost_gauntlet_escape,
          uniq_jorgrun
D:14:     layout_big_octagon
D:15:     grunt_enter_depths_hoard, layout_stronghold, serial_shops, shop,
          hangedman_decor_clover_reticule, chequers_serial_rivers_micro_e,
          einodemon_crawler_minivault, uniq_nessos
Temple:   compressed_dpeg_triangle_lava_temple
Lair:1:   layout_roguey, gauntlet_entry_generic, columned_hall_lemuel,
          nicolae_quartered_pool_super
Lair:2:   layout_roguey, minmay_snake_entry_six_corridors
Lair:3:   layout_cave_pods, minmay_lair_oklob_chamber, grunt_megastairs_4,
          lemuel_fruit_fields, lemuel_fruit_tree, serial_bayou_shore_b,
          uniq_gastronok
Lair:4:   layout_cave_pods, minmay_shoals_entry_centaurs,
          chequers_serial_rivers_micro_d
Lair:5:   layout_roguey, basic_altar, serial_bayou_pond_e, ldierk_geyser,
          hangedman_lair_generics_rect
Lair:6:   evil_forest, layout_regular_city, dpeg_slime_entry_corner
Shoals:1: layout_shoals, gammafunk_ghost_abyssal_escape, uniq_roxanne,
          uniq_aizul
Shoals:2: layout_shoals, portal_ice_cave_entry_ice_statue_two, uniq_polyphemus,
          uniq_ilsuiw
Shoals:3: layout_shoals
Shoals:4: shoals_end_grunt_ice, layout_shoals, nicolae_shoals_square_sea_wall
Snake:1:  layout_grid_shapes, serial_shops, shop
Snake:2:  gammafunk_the_bubble [the_bubble_gammafunk_plus_minus],
          layout_cave_pods, grunt_ministairs_15, uniq_donald
Snake:3:  layout_chambers, grunt_megastairs_5
Snake:4:  minmay_snake_end_coiled, layout_gridlike, special_room,
          serial_bayou_shore_b
Orc:1:    layout_diamond_mine, enter_volcano_4
Orc:2:    grunt_orc_community_town_hall, layout_caves,
          grunt_orc_community_big_house_1, grunt_orc_community_big_house_2,
          grunt_orc_community_house_3, grunt_orc_community_house_1,
          grunt_orc_community_house_3, grunt_orc_community_house_2,
          grunt_orc_community_house_1, grunt_orc_community_house_1,
          serial_shops, nicolae_shop_crystal, basic_altar,
          nicolae_orc_stony_grotto, uniq_urug
Elf:1:    minmay_elf_arrival_plus, layout_gridlike, gammafunk_ghost_cemetery,
          minmay_elf_sorcery, patterned_corridor
Elf:2:    layout_geoelf_octagon
Vaults:1: hangedman_vaults_cutoff, hangedman_vaults_cutoff, v_misc_30, v_misc_4,
          nicolae_vaults_shelves_hall, vaults_mumra_lcd,
          ontoclasm_vaults_ring_large, vaults_mumra_chevron, v_misc_8,
          nicolae_vaults_asterisk, v_misc_18, ontoclasm_vaults_idyll,
          v_pattern_3, v_misc_13, vaults_dpeg_encased_lava, v_misc_15, v_misc_8,
          hangedman_vaults_corner_blocks, layout_vaults_maze_bifur,
          serial_shops, bzr_entry_safe
Vaults:2: minmay_crypt_entry_simple_box, v_pattern_4,
          nicolae_vaults_angled_halls, v_misc_10, hangedman_vaults_maws,
          v_alt_pattern_4, nicolae_vaults_murderbox, dpeg_vaults_monster_box,
          nicolae_vaults_yaktaur_gun_rack, nicolae_vaults_what_the_h,
          ontoclasm_vaults_ring_small, layout_vaults_omnigrid, serial_shops,
          shop
Vaults:3: v_misc_29, vaults_room_pools, nicolae_vaults_specimen_jars,
          nicolae_vaults_border_crossing, nicolae_vaults_ninety_degrees,
          st_spiral_rooms, vaults_room_door_ring, vaults_mumra_hex,
          nicolae_vaults_little_squares_6, layout_vaults_omnicross,
          serial_shops, bzr_entry_lakeside, nicolae_shop_behind_doors, shop
Vaults:4: nicolae_vaults_network_quinsquares
          [nicolae_vaults_network_quincunx_subvault,
          nicolae_vaults_network_quincunx_subvault,
          nicolae_vaults_network_quincunx_subvault,
          nicolae_vaults_network_quincunx_subvault], v_misc_31,
          ontoclasm_vaults_gateway, grunt_vaults_focal, vaults_room_door_hall,
          nicolae_vaults_network_square, ontoclasm_vaults_chip,
          hangedman_vaults_hat, kb_rosetta, vaults_room_pool,
          ontoclasm_vaults_decontamination, layout_vaults_big_room,
          uniq_frederick
Vaults:5
Crypt:1:  layout_misc_corridors, nrook_guardian_serpent_ordinary, uniq_mara
Crypt:2:  layout_catacombs, st_chilly_death
Crypt:3:  quadcrypt_mu, uniq_khufu
Depths:1: layout_cave_pools, kennysheep_cluttered_room, grunt_metal_band,
          corexii_leaking_fountain, serial_bayou_ford_a, guppyfry_shop_venom,
          uniq_bai_suzhen
Depths:2: hangedman_box_tower, layout_gridville, infiniplex_enter_wizlab_spiral,
          hangedman_coc_ice_floe, serial_sigils_hangedman_snap,
          serial_bayou_shore_a
Depths:3: minmay_box_of_statues, layout_basic, pf_hell_entry_tar_spiral,
          rand_demon_pan_entry_5, lemuel_crystal_altar, grunt_megastairs_1,
          firewood_loft
Depths:4: minmay_spiral_squares, layout_gridlike, grunt_pan_entry_sceptre,
          abyss_entry_glasseish, hell_entry, wad_floor_pattern_untrapped,
          uniq_margery
Depths:5: grunt_twist_and_shout, layout_gridlike, enter_ziggurat_d, hell_entry,
          nicolae_abyss_entry_one_way_or_another, serial_shops, shop,
          serial_bayou_shore_b
Hell

Skill      XL: |  1  2  3  4  5  6  7  8  9 10 11 12 13 14 15 16 17 18 19 20 21 22 23 24 25 26 27 |
---------------+----------------------------------------------------------------------------------+-----
Armour         | 3 4 5 6 7 9 10 11 12 13 14 15 16 18 | 18.0
Dodging        | 1 2 3 4 5 6 7 8 9 10 11 12 14 | 14.0
Shields        | 3 4 5 6 7 9 10 11 12 13 14 15 | 15.0
Invocations    | 1 3 4 5 6 7 8 9 10 11 12 13 14 15 16 17 18 19 20 21 | 21.9
Fighting       | 4 5 6 7 8 9 11 12 13 14 15 16 17 18 19 20 | 20.7
Unarmed Combat | 1 4 7 8 9 10 11 12 14 15 16 17 18 19 20 21 | 21.3
Evocations     | 2 3 4 5 7 8 |  8.0
Throwing       | 1 3 4 5 |  5.0
Spellcasting   | 4 6 8 9 10 11 12 | 12.0
Ice Magic      | 4 6 8 9 10 11 13 15 | 15.6
Hexes          | 3 5 |  5.0
Long Blades    | |  1.7

Action                   |  1- 3 |  4- 6 |  7- 9 | 10-12 | 13-15 | 16-18 | 19-21 | 22-24 | 25-27 || total
-------------------------+-------+-------+-------+-------+-------+-------+-------+-------+-------++-------
Melee: Long sword        |    73 |   110 |       |    22 |    42 |       |       |       |       ||   247
       Headbutt          |     6 |    21 |    69 |   181 |   378 |   243 |   345 |   234 |   496 ||  1973
       Kick              |     3 |    60 |    93 |   270 |   593 |   397 |   540 |   364 |   803 ||  3123
       Unarmed           |       |    36 |   303 |   682 |  1385 |   927 |  1204 |   799 |  1447 ||  6783
Throw: Boomerang         |     2 |     1 |    16 |    20 |    31 |   112 |     7 |    14 |    26 ||   229
 Cast: Ensorcelled Hiber |       |       |       |       |       |       |       |     1 |       ||     1
       Metabolic Englaci |       |       |       |       |       |       |       |     9 |    25 ||    34
       Ozocubu's Refrige |       |       |       |       |       |       |       |       |    11 ||    11
Invok: Heroism           |       |     1 |     5 |    13 |    14 |     8 |    33 |    22 |    30 ||   126
 Abil: Evoke Flight      |       |       |       |       |       |       |       |       |     1 ||     1
Evoke: Wand              |       |       |       |     4 |       |    24 |     5 |       |     4 ||    37
       Condenser vane    |       |       |       |       |       |       |     1 |       |     2 ||     3
  Use: Scroll            |     1 |     7 |     6 |    12 |    10 |     8 |     6 |     9 |    16 ||    75
       Potion            |       |     1 |     2 |     1 |     4 |     7 |     3 |     6 |     3 ||    27
 Stab: Invisible         |       |       |       |       |       |       |     9 |     5 |     7 ||    21
       Sleeping          |       |       |       |       |       |       |       |     1 |       ||     1
Armor: Scale mail        |    26 |       |       |       |       |       |       |       |       ||    26
       Plate armour      |    24 |    69 |   100 |   184 |   316 |   127 |   117 |    47 |   224 ||  1208
       Ice dragon scales |       |       |       |       |       |     7 |    31 |    48 |       ||    86
Dodge: Dodged            |    12 |    19 |    41 |   209 |   403 |   191 |   462 |   258 |   429 ||  2024
Block: Kite shield       |    33 |    69 |   135 |   547 |  1434 |   835 |  1236 |   641 |  1163 ||  6093
       Reflection        |       |       |       |       |    37 |   108 |   191 |    72 |    80 ||   488
       Rpst.: Long sword |     4 |     2 |       |     3 |     3 |       |       |       |       ||    12
